 Dungeon Sprint DCSS version 0.27.1-2-g3b301248ec (webtiles) character file.

Game seed: 17897889789055068101

2961 boopmooplesden the Blocker (level 9, -7/90 HPs)
             Began as a Minotaur Fighter on Sept 23, 2021.
             Was a Believer of Okawaru.
             Shot with an arrow by Nessos (23 damage)
             ... in the Dungeon (Sprint II: "The Violet Keep of Menkaure").
             The game lasted 00:07:20 (1721 turns).

boopmooplesden the Blocker (Minotaur Fighter)       Turns: 1721, Time: 00:07:20

Health: -7/90      AC: 20    Str: 24    XL:     9   Next: 52%
Magic:  6/8        EV: 12    Int: 12    God:    Okawaru [**....]
Gold:   382        SH: 15    Dex: 10    Spells: 8/8 levels left

rFire    . . .     SeeInvis .   n - +3 flail of Kismet {holy, Int+5}
rCold    + . .     Faith    .   c - +0 kite shield
rNeg     . . .     Spirit   .   l - +0 chain mail of the Sky {rC+}
rPois    .         Reflect  .   (helmet restricted)
rElec    .         Harm     .   (no cloak)
rCorr    .         Rampage  .   m - +2 pair of gloves of Midnight {Will+ Int+2 Slay+4}
Will     +....     NoTele   +   q - +1 pair of boots
Stlth    ..........             (no amulet)
HPRegen  0.25/turn              (no ring)
MPRegen  0.11/turn              (no ring)

@: heroic, hasted, very quick
A: horns 2, retaliatory headbutt
a: Renounce Religion, Heroism


You were in the Dungeon.
You worshipped Okawaru.
Okawaru was pleased with you.
You visited 1 branch You collected 991 gold pieces.
You spent 609 gold pieces at shops.

Inventory:

Hand Weapons
 a - a +0 war axe
 n - the +3 flail of Kismet (weapon) {holy, Int+5}
   (You bought it in a shop in the Dungeon)

   It has been blessed by the Shining One to cause great damage to the undead
   and demons.
   Int:       It affects your intelligence (+5).
Missiles
 k - 49 poisoned darts (quivered)
Armour
 b - a +0 scale mail
 c - a +0 kite shield (worn)
 l - the +0 chain mail of the Sky (worn) {rC+}
   (You bought it in a shop in the Dungeon)

   rC:        It protects you from cold.
 m - the +2 pair of gloves of Midnight (worn) {Will+ Int+2 Slay+4}
   (You bought it in a shop in the Dungeon)

   Int:       It affects your intelligence (+2).
   Slay:      It affects your accuracy & damage with ranged weapons and melee
   (+4).
   Will:      It increases your willpower.
 q - a +1 pair of boots (worn)
 v - a +0 pair of boots
Scrolls
 r - a scroll of torment {unknown}
 t - 2 scrolls of amnesia {unknown}
 u - a scroll of fear {unknown}
Potions
 d - 3 potions of resistance
 h - 5 potions of magic
 i - a potion of berserk rage
 o - 3 potions of flight
 p - a potion of curing
 s - a potion of lignification


   Skills:
 + Level 11.9(16.9) Fighting
 + Level 12.6(17.9) Axes
 + Level 4.6(14.5) Maces & Flails
 + Level 12.5(17.5) Armour
 + Level 6.2(11.2) Dodging
 + Level 1.3(6.3) Stealth
 + Level 13.6(18.6) Shields
 + Level 0.9 Invocations


You had 8 spell levels left.
You didn't know any spells.
Your spell library contained the following spells:

 Spells                   Type           Power      Damage    Failure   Level
 Corpse Rot               Necr/Air       N/A        N/A       88%         2
 Poisonous Vapours        Pois/Air       0%         N/A       88%         2
 Blade Hands              Tmut           0%         N/A       100%        5
 Freezing Cloud           Conj/Ice/Air   0%         6-21      100%        5
 Irradiate                Conj/Tmut      0%         3d13      100%        5
 Dragon Form              Tmut           0%         N/A       100%        7


Dungeon Overview and Level Annotations

Branches:
Dungeon (1/1)

Altars:
Cheibriados
Dithmenos
Elyvilon
Fedhas
Gozag
Hepliaklqana
Kikubaaqudgha
Makhleb
Nemelex Xobeh
Okawaru
Qazlal
Ru
Sif Muna
Trog
Uskayaw
Vehumet
Wu Jian
Xom
Yredelemnul
Zin
The Shining One
Beogh
Jiyva
Lugonu

Shops:
D (:*![([(=?![!=:?:(:

Annotations:
D exclusion: oklob plant, Nessos


Innate Abilities, Weirdness & Mutations

You have a pair of horns on your head.
You reflexively headbutt those who attack you in melee.


Message History

Nessos seems to speed up.
You gain the combat prowess of a mighty hero.
Nessos shoots an arrow.
You block the arrow.
You feel yourself speed up.
Nessos shoots an arrow.
You block the arrow.
Nessos blinks!
Are you sure you want to fly over lava while you are losing your buoyancy?
Okay, then.
Nessos is nearby!
Are you sure you want to fly over lava while you are losing your buoyancy?
Nessos blinks! x2
You float gracefully downwards.
You see here a manual of Spellcasting.
Nessos blinks!
There is an entrance to Nodar's Weapon Boutique here.
Nessos shoots an arrow.
The arrow hits you! The arrow burns you.
There is an entrance to Touvea's Distillery here.
Nessos shoots an arrow.
You block the arrow.
You see here 9 potions of magic.
Nessos shoots an arrow.
You block the arrow.
There is an entrance to Touvea's Distillery here.
Unknown command.
Nessos shoots an arrow.
The arrow hits you. The arrow burns you.
You are poisoned.
There is an entrance to Nodar's Weapon Boutique here.
You feel sick.
Nessos shoots an arrow.
The arrow hits you!
* * * LOW HITPOINT WARNING * * *
The arrow burns you!
You are lethally poisoned!
* * * LOW HITPOINT WARNING * * *
Nessos shoots an arrow.
You block the arrow.
You see here a manual of Spellcasting.
Why would you want to do that? Why would you want to do that?
Why would you want to do that? Why would you want to do that?
You feel better.
Nessos shoots an arrow.
The arrow completely misses you.
Nessos blinks!
Nessos is nearby!
Nessos shoots an arrow.
The arrow hits you!!
You die...

### #∩####+##
##....#### #∩...^^..'
###########.#
:)::o.o)o#.^
###################^.
#.c∩@:≈§.............
#####################


You could see Nessos (fast).

Vanquished Creatures
  An ice statue (D)
  A yaktaur (D)
  3 polar bears (D)
  A hornet (D)
  A blink frog (D)
  2 wyverns (D)
  Menkaure (D)
  4 water moccasins (D)
  4 necrophages (D)
  4 scorpions (D)
22 creatures vanquished.

Vanquished Creatures (others)
  A water moccasin (D)
  16 tentacles (D)
17 creatures vanquished.

Grand Total: 39 creatures vanquished

Notes
Turn   | Place    | Note
-------+----------+-------------------------------------------
     0 | D        | boopmooplesden the Minotaur Fighter began the quest for the
                  | Orb.
     0 | D        | Reached XP level 1. HP: 19/19 MP: 0/0
     1 | D        | Noticed a necrophage
     1 | D        | Noticed a necrophage
     1 | D        | Noticed a necrophage
     1 | D        | Noticed a necrophage
     7 | D        | Killed a necrophage
     8 | D        | Reached skill level 6 in Shields
     8 | D        | Reached XP level 2. HP: 17/31 MP: 1/1
     8 | D        | Reached XP level 3. HP: 21/38 MP: 2/2
     8 | D        | Reached XP level 4. HP: 25/45 MP: 3/3
     8 | D        | Killed a water moccasin
    17 | D        | Killed a necrophage
    18 | D        | Reached skill level 5 in Axes
    18 | D        | Reached skill level 7 in Shields
    18 | D        | Reached XP level 5. HP: 20/53 MP: 4/4
    31 | D        | Killed a necrophage
    32 | D        | Reached skill level 8 in Shields
    38 | D        | Killed a necrophage
    39 | D        | Reached skill level 1 in Dodging
    39 | D        | Reached XP level 6. HP: 12/62 MP: 5/5
   288 | D        | Noticed a boulder beetle
   288 | D        | Noticed a boulder beetle
   291 | D        | Noticed a wyvern
   291 | D        | Noticed a wyvern
   298 | D        | Killed a wyvern
   299 | D        | Reached skill level 10 in Armour
   299 | D        | Reached skill level 9 in Shields
   303 | D        | Killed a wyvern
   304 | D        | Reached skill level 10 in Fighting
   304 | D        | Reached skill level 10 in Shields
   304 | D        | Reached XP level 7. HP: 18/72 MP: 6/6
   591 | D        | Found Toahan's Book Emporium.
   591 | D        | Found Cooxt's Book Emporium.
   591 | D        | Found Bocypier's Distillery.
   591 | D        | Found Neodgh's Jewellery Shoppe.
   591 | D        | Found Doklujad's Magic Scroll Shoppe.
   591 | D        | Found Wuenafyi's Magic Scroll Emporium.
   591 | D        | Found Zynanuag's Distillery.
   591 | D        | Found Zehek's Jewellery Shoppe.
   592 | D        | Found Xiamunoc's Antique Armour Emporium.
   592 | D        | Found Liloclu's Antique Weapon Shoppe.
   592 | D        | Found Hyuloqac's Antique Armour Shoppe.
   593 | D        | Found Ojiph's Antique Armour Emporium.
   603 | D        | Reached skill level 11 in Shields
   610 | D        | Noticed a blink frog
   616 | D        | Killed a blink frog
   617 | D        | Reached skill level 10 in Axes
   617 | D        | Reached XP level 8. HP: 41/81 MP: 7/7
   629 | D        | Found Faniass's General Store.
   629 | D        | Noticed an oklob plant
   630 | D        | Found Fighaipn's Antique Weapon Shoppe.
   630 | D        | Found Ytakacy's Book Shoppe.
   634 | D        | Noticed a flying skull
   636 | D        | Bought a smelly chain mail for 190 gold pieces
   636 | D        | Identified the +0 chain mail of the Sky {rC+} (You bought
                  | it in a shop in the Dungeon)
   636 | D        | Bought a pair of ancient gloves for 190 gold pieces
   636 | D        | Identified the +2 pair of gloves of Midnight {Will+ Int+2
                  | Slay+4} (You bought it in a shop in the Dungeon)
   653 | D        | Bought a masterwork flail for 229 gold pieces
   653 | D        | Identified the +3 flail of Kismet {holy, Int+5} (You bought
                  | it in a shop in the Dungeon)
   799 | D        | Found an iron altar of Okawaru.
   799 | D        | Found an opulent altar of Gozag.
   800 | D        | Found a sparkling altar of Nemelex Xobeh.
   800 | D        | Found a blossoming altar of Fedhas.
   801 | D        | Found a radiant altar of Vehumet.
   801 | D        | Found a burning altar of Makhleb.
   801 | D        | Found a white marble altar of Elyvilon.
   802 | D        | Found a hide-covered altar of Uskayaw.
   802 | D        | Found a corrupted altar of Lugonu.
   802 | D        | Found a shadowy altar of Dithmenos.
   803 | D        | Found a glowing silver altar of Zin.
   803 | D        | Found a bloodstained altar of Trog.
   803 | D        | Found an ancient bone altar of Kikubaaqudgha.
   804 | D        | Found a basalt altar of Yredelemnul.
   804 | D        | Found a shimmering blue altar of Sif Muna.
   804 | D        | Found a viscous altar of Jiyva.
   805 | D        | Found a shimmering altar of Xom.
   805 | D        | Found a sacrificial altar of Ru.
   806 | D        | Found a glowing golden altar of the Shining One.
   806 | D        | Found an ornate altar of the Wu Jian Council.
   806 | D        | Found a stormy altar of Qazlal.
   806 | D        | Found a snail-covered altar of Cheibriados.
   806 | D        | Found a hazy altar of Hepliaklqana.
   806 | D        | Noticed a hornet
   806 | D        | Noticed a polar bear
   806 | D        | Noticed a polar bear
   806 | D        | Noticed a polar bear
   807 | D        | Noticed a yaktaur
   808 | D        | Became a worshipper of Warmaster Okawaru
   812 | D        | Killed a polar bear
   815 | D        | Noticed Menkaure
   816 | D        | Killed a yaktaur
   817 | D        | Reached skill level 12 in Shields
   820 | D        | Killed a hornet
   820 | D        | Reached * piety under Okawaru
   821 | D        | Reached skill level 1 in Maces & Flails
   821 | D        | Reached skill level 1 in Stealth
   824 | D        | Killed a polar bear
   825 | D        | Reached skill level 5 in Dodging
   825 | D        | Reached XP level 9. HP: 41/89 MP: 5/8
   827 | D        | Killed a polar bear
   827 | D        | Reached ** piety under Okawaru
   842 | D        | Reached skill level 13 in Shields
  1114 | D        | Noticed a kraken
  1116 | D        | Killed Menkaure
  1392 | D        | Noticed an ice statue
  1400 | D        | Noticed a sixfirhy
  1403 | D        | Noticed a sixfirhy
  1417 | D        | Killed an ice statue
  1664 | D        | Noticed a sixfirhy
  1671 | D        | Found Ryim's Book Shoppe.
  1672 | D        | Found Vaeheqir's Weapon Boutique.
  1705 | D        | Found Nodar's Weapon Boutique.
  1706 | D        | Found Touvea's Distillery.
  1708 | D        | Noticed Nessos
  1721 | D        | Shot with an arrow by Nessos

Illustrated notes

Levels and vault maps discovered:
D:        the_violet_keep_of_menkaure [sprint2_stairs_cluster_1,
          sprint2_shoproom, sprint2_temple, sprint2_basic_supplies,
          sprint2_obstacle_4, sprint2_obstacle_2, sprint2_obstacle_7,
          sprint2_obstacle_1, sprint2_obstacle_5, sprint2_timed_cluster_1,
          sprint2_smallroom_cluster_1, sprint2_smallroom_final_cluster_1,
          sprint2_transparent_cluster_1, sprint2_second_timed_cluster_1,
          sprint2_sniper_area_1, sprint2_heavy_combat_area_1,
          sprint2_mutation_trap_area_1, sprint2_forest_area_1,
          sprint2_light_combat_area_1, sprint2_behind_water_1,
          sprint2_near_end_vault_1]

Skill      XL: |  1  2  3  4  5  6  7  8  9 |
---------------+----------------------------+-----
Fighting       | 6 7 8 10 11 | 11.9
Axes           | 4 5 7 8 10 12 | 12.6
Armour         | 6 7 9 10 11 12 | 12.5
Shields        | 6 7 8 10 11 12 13 | 13.6
Dodging        | 1 2 3 5 6 |  6.2
Maces & Flails | 1 4 |  4.6
Stealth        | 1 |  1.3
Invocations    | |  0.9

Action                   |  1- 3 |  4- 6 |  7- 9 || total
-------------------------+-------+-------+-------++-------
Melee: War axe           |     5 |    42 |    29 ||    76
       Headbutt          |     3 |    11 |    12 ||    26
       Flail             |       |       |    47 ||    47
Invok: Heroism           |       |       |     3 ||     3
  Use: Potion            |       |       |     9 ||     9
       Scroll            |       |       |     4 ||     4
Armor: Scale mail        |     3 |    12 |     5 ||    20
       Chain mail        |       |       |    35 ||    35
Dodge: Dodged            |       |     7 |    31 ||    38
Block: Kite shield       |     1 |    26 |    61 ||    88
